 Dungeon Crawl Stone Soup version 0.28-a0-948-gee6e0bcda6 (webtiles) character file.

Game seed: 2648412065932549736

2785 Gargoyl the Fighter (level 9, 0/74 HPs)
             Began as a Gnoll Abyssal Knight on Nov 30, 2021.
             Was an Elder of Lugonu.
             Slain by a death yak (15 damage)
             ... on level 7 of the Dungeon.
             The game lasted 00:12:40 (8650 turns).

Gargoyl the Fighter (Gnoll Abyssal Knight)          Turns: 8650, Time: 00:12:41

Health: 0/74       AC: 15    Str: 17    XL:     9   Next: 70%
Magic:  10/14      EV: 13    Int:  9    God:    Lugonu [****..]
Gold:   163        SH:  7    Dex: 14    Spells: 17/17 levels left

rFire   . . .      SeeInvis +   t - +2 broad axe (flame)
rCold   . . .      Faith    .   x - +2 buckler {reflect}
rNeg    . . .      Spirit   .   H - +2 chain mail {rPois}
rPois   +          Reflect  +   f - +0 helmet
rElec   .          Harm     .   (no cloak)
rCorr   .          Rampage  .   b - +0 pair of gloves
Will    .....                   (no boots)
Stlth   ..........              o - amulet of regeneration
HPRegen 1.02/turn               c - +4 ring of evasion
MPRegen 0.14/turn               p - ring "Wuutwu" {Dex+2 SInv}

@: no status effects
A: fangs 1, strong nose, distributed training, see invisible, low mp 1, shaggy
fur 1
a: Renounce Religion, Depart the Abyss, Bend Space, Banish, Corrupt


You were on level 7 of the Dungeon.
You worshipped Lugonu.
Lugonu was greatly pleased with you.
You visited 1 branch of the dungeon, and saw 8 of its levels.
You visited the Abyss 1 time.
You also visited: Ossuary.

You collected 587 gold pieces.
You spent 424 gold pieces at shops.

Inventory:

Hand Weapons
 a - a +2 hand axe of freezing
 g - a +1 dagger of venom
 j - a +0 war axe
 t - a +2 broad axe of flaming (weapon)
Missiles
 d - 6 curare-tipped darts (quivered)
Armour
 b - a +0 pair of gloves (worn)
 f - a +0 helmet (worn)
 x - a +2 buckler of reflection (worn)
 y - a +1 chain mail of fire resistance
 H - a +2 chain mail of poison resistance (worn)
Jewellery
 c - a +4 ring of evasion (left hand)
 o - an amulet of regeneration (around neck)
 p - the ring "Wuutwu" (right hand) {Dex+2 SInv}
   (You bought it in a shop on level 6 of the Dungeon)

   [ring of see invisible]

   Dex:       It affects your dexterity (+2).
   SInv:      It lets you see invisible.
 u - the ring "Heat" {Contam rF+ MP+9 Str+4}
   (You found it on level 5 of the Dungeon)

   [ring of magical power]

   Str:       It affects your strength (+4).
   rF:        It protects you from fire.
   MP:        It affects your magic capacity (+9).
   Contam:    It causes magical contamination when unequipped.
Wands
 s - a wand of iceblast (8)
 v - a wand of paralysis (7)
Scrolls
 e - a scroll of silence
 n - 8 scrolls of teleportation
 A - a scroll of fear
 C - a scroll of summoning
 G - a scroll of amnesia
 J - 2 scrolls of identify
Potions
 h - 3 potions of brilliance
 i - 2 potions of flight
 k - a potion of cancellation
 l - 2 potions of might
 m - 3 potions of invisibility {unknown}
 q - 2 potions of haste {unknown}
 r - a potion of resistance
 w - a potion of mutation
 z - 3 potions of curing {unknown}
 B - a potion of lignification {unknown}
 D - a potion of magic {unknown}
 E - a potion of ambrosia {unknown}
 F - a potion of attraction {unknown}
 I - a potion of heal wounds {unknown}
 K - a potion of berserk rage {unknown}


   Skills:
 + Level 8.0 Fighting
 + Level 4.5 Short Blades
 + Level 4.5 Long Blades
 + Level 6.5 Axes
 + Level 4.5 Maces & Flails
 + Level 4.5 Polearms
 + Level 4.5 Staves
 + Level 4.5 Slings
 + Level 4.5 Bows
 + Level 4.5 Crossbows
 + Level 4.5 Throwing
 + Level 6.5 Armour
 + Level 5.2 Dodging
 + Level 4.5 Stealth
 + Level 4.5 Shields
 + Level 4.5 Unarmed Combat
 + Level 4.5 Spellcasting
 + Level 3.7 Conjurations
 + Level 3.7 Hexes
 + Level 3.7 Summonings
 + Level 3.7 Necromancy
 + Level 3.7 Translocations
 + Level 3.7 Transmutations
 + Level 3.7 Fire Magic
 + Level 3.7 Ice Magic
 + Level 3.7 Air Magic
 + Level 3.7 Earth Magic
 + Level 3.7 Poison Magic
 + Level 6.8 Invocations
 + Level 4.5 Evocations


You had 17 spell levels left.
You didn't know any spells.
Your spell library contained the following spells:

 Spells                   Type           Power      Damage    Failure   Level
 Shock                    Conj/Air       32%        1d5       56%         1
 Blink                    Tloc           16%        N/A       71%         2
 Corpse Rot               Necr/Air       16%        N/A       71%         2
 Ensorcelled Hibernation  Hex/Ice        16%        N/A       71%         2
 Passwall                 Tmut/Erth      6%         N/A       71%         2
 Poisonous Vapours        Pois/Air       16%        N/A       71%         2
 Spider Form              Tmut/Pois      8%         N/A       90%         3
 Swiftness                Air            8%         N/A       90%         3
 Airstrike                Air            4%         N/A       100%        4
 Passage of Golubria      Tloc           8%         N/A       100%        4
 Manifold Assault         Tloc           8%         N/A       100%        5
 Silence                  Hex/Air        4%         N/A       100%        5
 Storm Form               Tmut/Air       4%         N/A       100%        7
 Lehudib's Crystal Spear  Conj/Erth      4%         10d3      100%        8


Dungeon Overview and Level Annotations

Branches:
Dungeon (8/15)             Temple (0/1) D:4            Lair (0/6) D:8
Ossuary (visited)

Altars:
Cheibriados
Elyvilon
Fedhas
Gozag
Kikubaaqudgha
Makhleb
Okawaru
Ru
Trog
Uskayaw
Wu Jian
Xom
Yredelemnul

Shops:
D:4 (   D:5 [   D:6 *

Annotations:
D:3 Grinder
D:8 2 transporters, waddelsworth's ghost, novice MiFi


Innate Abilities, Weirdness & Mutations

You have very sharp teeth.
Your uncanny sense of smell can sniff out nearby items.
Your experience applies equally to all skills.
You have supernaturally acute eyesight. (SInv)
Your magical capacity is low. (-10% MP)
You are covered in fur. (AC +1)


Message History

The death yak is moderately wounded.
The death yak closely misses you.
You hit the death yak but do no damage.
The death yak is moderately wounded.
The death yak misses you. The death yak closely misses you.
You hit the death yak. You burn the death yak.
The death yak is moderately wounded.
The death yak gores you but does no damage.
You hit the death yak. You burn the death yak.
The death yak is moderately wounded.
The death yak gores you but does no damage.
You slash the death yak! You burn the death yak.
The death yak is heavily wounded.
The death yak gores you!!
* * * LOW HITPOINT WARNING * * *
The death yak gores you but does no damage.
You barely miss the death yak.
The death yak is heavily wounded.
You block the death yak's attack.
You slash the death yak! You burn the death yak.
The death yak is severely wounded.
The death yak gores you but does no damage.
You hit the death yak but do no damage.
The death yak is severely wounded.
You block the death yak's attack.
You hit the death yak but do no damage.
You bite the death yak, but do no damage.
The death yak is severely wounded.
The death yak gores you!
* * * LOW HITPOINT WARNING * * *
The death yak gores you but does no damage.
You slash the death yak! You burn the death yak. You bite the death yak.
The death yak is severely wounded.
You block the death yak's attack.
Okay, then.
Press: ? - help, Shift-Dir - straight line, f - death yak
Aim: a death yak (severely wounded, chance to affect: 21%)
The death yak resists with almost no effort.
The death yak gores you!
You die...

...# #.###.##............###.#
...## #..##...............##..#
....# ##..#...............##..#
....######.#.........<.........#
.......# #.#...............###.#
######.# #.#.....<.........# #.#
#...##.###.#..........#....###.##
.....#..........#......#.........
.........#.####Y@.#..............
......#..).# ###.................
...........###...#..#.##.........
......###......###.##..#........)
#...#.# ##......#..###...........
..(.#.###.........## ###....#.#..
....#......#..)รท### #.........
.......##.......###### ###.......
....#...#......).....#######.....


You could see a death yak.

Vanquished Creatures
  Pikel (D:5)
  A steam dragon (D:8)
  Duvessa (D:7)
  An ice beast (D:4)
  2 sky beasts
  A black bear (D:2)
  4 ogres
  2 centaurs
  2 lemures (D:5)
  A kobold brigand (D:6)
  2 elf zombies (Ossuary)
  A bullfrog (D:7)
  A scorpion (D:4)
  A water moccasin zombie (D:5)
  Dowan (D:7)
  3 centaur zombies (Ossuary)
  An orc priest (D:3)
  2 centaur skeletons (D:6)
  2 hounds
  A bullfrog skeleton (D:5)
  An iguana (D:6)
  An orc wizard (D:5)
  A scorpion zombie (D:5)
  A killer bee zombie (D:6)
  2 ogre zombies (Ossuary)
  7 mummies (Ossuary)
  A hound skeleton (D:4)
  3 gnolls
  3 adders
  A shadow imp (D:8)
  A white imp (D:7)
  An ufetubus (D:7)
  4 adder zombies (Ossuary)
  An adder skeleton (D:4)
  2 worms
  4 dart slugs
  8 orcs
  7 endoplasms
  A giant cockroach (D:4)
  11 goblins
  9 hobgoblins
  4 quokkas
  6 ball pythons
  2 bats
  A frilled lizard (D:2)
  4 goblin zombies (Ossuary)
  2 hobgoblin zombies (Ossuary)
  10 kobolds
  4 kobold zombies (Ossuary)
  5 quokka zombies (Ossuary)
  5 rats
  4 rat zombies (Ossuary)
  A spectral orc (D:3)
149 creatures vanquished.

Vanquished Creatures (collateral kills)
  A sky beast (D:6)
  A hound (D:6)
2 creatures vanquished.

Vanquished Creatures (others)
  15 plants (D:2)
15 creatures vanquished.

Grand Total: 166 creatures vanquished

Notes
Turn   | Place    | Note
-------+----------+-------------------------------------------
     0 | Abyss:1  | Gargoyl the Gnoll Abyssal Knight began the quest for the
                  | Orb.
     0 | Abyss:1  | Reached XP level 1. HP: 23/23 MP: 3/3
   153 | Abyss:2  | Noticed a sixfirhy
   157 | D:1      | Escaped the Abyss
   808 | D:1      | Reached XP level 2. HP: 29/29 MP: 5/5
  1149 | D:1      | Found a faded altar of an unknown god.
  1641 | D:2      | Noticed a black bear
  1647 | D:2      | Reached XP level 3. HP: 16/35 MP: 6/6
  1867 | D:2      | Reached * piety under Lugonu
  2112 | D:2      | Reached skill level 1 in Short Blades
  2112 | D:2      | Reached skill level 1 in Long Blades
  2112 | D:2      | Reached skill level 1 in Maces & Flails
  2112 | D:2      | Reached skill level 1 in Polearms
  2112 | D:2      | Reached skill level 1 in Staves
  2112 | D:2      | Reached skill level 1 in Slings
  2112 | D:2      | Reached skill level 1 in Bows
  2112 | D:2      | Reached skill level 1 in Crossbows
  2112 | D:2      | Reached skill level 1 in Throwing
  2112 | D:2      | Reached skill level 1 in Stealth
  2112 | D:2      | Reached skill level 1 in Shields
  2112 | D:2      | Reached skill level 1 in Unarmed Combat
  2112 | D:2      | Reached skill level 1 in Spellcasting
  2112 | D:2      | Reached skill level 1 in Evocations
  2148 | D:2      | Reached XP level 4. HP: 32/41 MP: 7/7
  2710 | D:3      | Reached ** piety under Lugonu
  2808 | D:3      | Reached skill level 1 in Conjurations
  2808 | D:3      | Reached skill level 1 in Hexes
  2808 | D:3      | Reached skill level 1 in Summonings
  2808 | D:3      | Reached skill level 1 in Necromancy
  2808 | D:3      | Reached skill level 1 in Translocations
  2808 | D:3      | Reached skill level 1 in Transmutations
  2808 | D:3      | Reached skill level 1 in Fire Magic
  2808 | D:3      | Reached skill level 1 in Ice Magic
  2808 | D:3      | Reached skill level 1 in Air Magic
  2808 | D:3      | Reached skill level 1 in Earth Magic
  2808 | D:3      | Reached skill level 1 in Poison Magic
  2823 | D:3      | Reached XP level 5. HP: 28/47 MP: 8/8
  3178 | D:3      | Noticed Grinder
  3188 | D:3      | Paralysed by Grinder for 4 turns
  3197 | D:4      | Found a staircase to the Ecumenical Temple.
  3563 | D:4      | Found Feliguxo's Weapon Shoppe.
  3617 | D:4      | Found a snail-covered altar of Cheibriados.
  3795 | D:4      | Noticed an ogre
  3839 | D:4      | Killed an ogre
  3840 | D:4      | Reached skill level 5 in Invocations
  3840 | D:4      | Reached XP level 6. HP: 53/53 MP: 9/9
  4009 | D:4      | Found a shimmering altar of Xom.
  4051 | D:4      | Reached skill level 5 in Axes
  4051 | D:4      | Reached skill level 5 in Armour
  4131 | D:4      | Noticed an ice beast
  4159 | D:4      | Killed an ice beast
  4368 | D:4      | Found an iron altar of Okawaru.
  4719 | D:3      | Found a basalt altar of Yredelemnul.
  4737 | D:3      | Found an ornate altar of the Wu Jian Council.
  5265 | D:2      | Killed a black bear
  5266 | D:2      | Reached skill level 7 in Fighting
  5266 | D:2      | Reached XP level 7. HP: 47/60 MP: 10/10
  5792 | D:5      | Entered Level 5 of the Dungeon
  5928 | D:5      | Reached *** piety under Lugonu
  5980 | D:5      | Noticed Pikel
  6059 | D:5      | Identified the ring "Heat" {Contam rF+ MP+9 Str+4}
  6145 | D:5      | Reached XP level 8. HP: 63/67 MP: 12/12
  6217 | D:5      | Killed Pikel
  6264 | D:5      | Found Nisuvab's Antique Armour Shop.
  6271 | D:5      | Bought a runed buckler for 157 gold pieces
  6271 | D:5      | Bought a runed chain mail for 157 gold pieces
  6314 | D:5      | Found a sand-covered staircase.
  6420 | Ossuary  | Entered an ossuary
  6706 | Ossuary  | Reached XP level 9. HP: 67/72 MP: 14/14
  6843 | Ossuary  | Reached **** piety under Lugonu
  6976 | D:5      | Found an opulent altar of Gozag.
  6977 | D:5      | Found an ancient bone altar of Kikubaaqudgha.
  6977 | D:5      | Found a sacrificial altar of Ru.
  6979 | D:5      | Found a burning altar of Makhleb.
  7136 | D:6      | Found Rirox's Assorted Antiques.
  7144 | D:6      | Bought a transparent silver ring for 110 gold pieces
  7144 | D:6      | Identified the ring "Wuutwu" {Dex+2 SInv} (You bought it in
                  | a shop on level 6 of the Dungeon)
  7511 | D:6      | Reached skill level 5 in Dodging
  7518 | D:6      | Gained mutation: You expend magic power (3 MP) to
                  | strengthen your wands. [potion of mutation]
  7518 | D:6      | Gained mutation: Your flesh is heat resistant. (rF+)
                  | [potion of mutation]
  7519 | D:6      | Lost mutation: Your flesh is heat resistant. (rF+) [potion
                  | of mutation]
  7519 | D:6      | Lost mutation: You expend magic power (3 MP) to strengthen
                  | your wands. [potion of mutation]
  7519 | D:6      | Gained mutation: You have supernaturally acute eyesight.
                  | (SInv) [potion of mutation]
  7519 | D:6      | Gained mutation: Your magical capacity is low. (-10% MP)
                  | [potion of mutation]
  7519 | D:6      | Gained mutation: You are covered in fur. (AC +1) [potion of
                  | mutation]
  7661 | D:6      | Found a hide-covered altar of Uskayaw.
  7986 | D:7      | Found a blossoming altar of Fedhas.
  8045 | D:7      | Noticed Dowan
  8046 | D:7      | Noticed Duvessa
  8053 | D:7      | Killed Dowan
  8057 | D:7      | Killed Duvessa
  8284 | D:7      | Found a white marble altar of Elyvilon.
  8324 | D:7      | Reached skill level 8 in Fighting
  8439 | D:8      | Found a bloodstained altar of Trog.
  8541 | D:8      | Identified the +1 leather armour "Kuraoj" {SInv}
  8561 | D:8      | Found a transporter.
  8566 | D:8      | Found a transporter.
  8569 | D:8      | Noticed waddelsworth's ghost (novice MiFi)
  8587 | D:8      | Noticed a death yak
  8589 | D:8      | Found a staircase to the Lair.
  8589 | D:8      | Noticed a death yak
  8590 | D:8      | Noticed a death yak
  8650 | D:7      | Slain by a death yak

Illustrated notes

Levels and vault maps discovered:
D:1:      minmay_arrival_shattered_statue, layout_basic,
          nicolae_ecumenical_snake_handling, chequers_serial_rivers_marsh,
          hangedman_decor_diamond_cutter
D:2:      layout_rooms, serial_bayou, serial_bayou_lagoon_a,
          serial_bayou_pond_e, serial_bayou_shore_a, serial_bayou_lagoon_b,
          serial_park_tiny_pond, grunt_ministairs_1, minmay_misc_feat_tower
D:3:      layout_loops_corners, nicolae_wu_jian_wuxing_cycle,
          yredelemnul_forgotten_temple_becter, uniq_grinder
D:4:      layout_basic, mainiacjoe_overflow_alcove_2, kennysheep_mini,
          mainiacjoe_overflow_small_starburst, minmay_temple_entry_wispy,
          serial_shops, nicolae_shop_bloodbath_and_beyond
D:5:      layout_basic, minitemple, serial_shops, nicolae_shop_hallway_plus,
          lightli_ossuary_entry_decrepit_ruins, minmay_misc_feat_iff, uniq_pikel
D:6:      layout_basic, nicolae_uskayaw_dance_studio, serial_shops, shop,
          kennysheep_nub, minmay_misc_feat_diagonals
D:7:      layout_rooms, elyvilon_altar_3, mainiacjoe_overflow_cross_hatched,
          uniq_duvessa
D:8:      layout_basic, trog_three_pillars_becter, dpeg_lair_monsters,
          gammafunk_ghost_stat_death

Skill      XL: |  1  2  3  4  5  6  7  8  9 |
---------------+----------------------------+-----
Short Blades   | 1 2 3 4 |  4.5
Long Blades    | 1 2 3 4 |  4.5
Maces & Flails | 1 2 3 4 |  4.5
Polearms       | 1 2 3 4 |  4.5
Staves         | 1 2 3 4 |  4.5
Slings         | 1 2 3 4 |  4.5
Bows           | 1 2 3 4 |  4.5
Crossbows      | 1 2 3 4 |  4.5
Throwing       | 1 2 3 4 |  4.5
Stealth        | 1 2 3 4 |  4.5
Shields        | 1 2 3 4 |  4.5
Unarmed Combat | 1 2 3 4 |  4.5
Spellcasting   | 1 2 3 4 |  4.5
Evocations     | 1 2 3 4 |  4.5
Conjurations   | 1 2 3 |  3.7
Hexes          | 1 2 3 |  3.7
Summonings     | 1 2 3 |  3.7
Necromancy     | 1 2 3 |  3.7
Translocations | 1 2 3 |  3.7
Transmutations | 1 2 3 |  3.7
Fire Magic     | 1 2 3 |  3.7
Ice Magic      | 1 2 3 |  3.7
Air Magic      | 1 2 3 |  3.7
Earth Magic    | 1 2 3 |  3.7
Poison Magic   | 1 2 3 |  3.7
Dodging        | 3 4 5 |  5.2
Invocations    | 5 6 |  6.8
Axes           | 5 6 |  6.5
Armour         | 5 6 |  6.5
Fighting       | 7 8 |  8.0

Action                   |  1- 3 |  4- 6 |  7- 9 || total
-------------------------+-------+-------+-------++-------
Melee: Hand axe          |    86 |    21 |       ||   107
       Bite              |     6 |    18 |    49 ||    73
       Dagger            |       |   176 |   173 ||   349
       Punch             |       |     3 |     1 ||     4
       Broad axe         |       |       |   227 ||   227
Invok: Depart the Abyss  |     1 |       |       ||     1
       Bend Space        |       |       |     1 ||     1
       Banish            |       |       |     1 ||     1
  Use: Scroll            |     1 |     8 |    11 ||    20
       Potion            |       |       |     2 ||     2
 Stab: Sleeping          |     1 |       |       ||     1
Armor: Leather armour    |    17 |     6 |       ||    23
       Chain mail        |       |    79 |   165 ||   244
Dodge: Dodged            |    88 |   109 |   239 ||   436
Block: Buckler           |       |       |    92 ||    92
       Reflection        |       |       |     1 ||     1

Table legend: (Time is in decaauts)
 A = Elapsed time spent in this place.
 B = Non-inter-level travel time spent in this place.
 C = Inter-level travel time spent in this place.
 D = Time resting spent in this place.
 E = Time spent auto-exploring this place.
 F = Levels seen in this place.
 G = Mean time per level.
                   A        B        C        D        E       F      G
               +--------+--------+--------+--------+--------+-----+--------+
         Total |   8754 |   8203 |    551 |    711 |   5579 |  11 |  795.8 |
       Dungeon |   8101 |   7550 |    551 |    711 |   5270 |   8 | 1012.6 |
         Abyss |    156 |    156 |      0 |      0 |    108 |   2 |   78.0 |
       Ossuary |    496 |    496 |      0 |      0 |    201 |   1 |  496.0 |
               +--------+--------+--------+--------+--------+-----+--------+

Top non-repeatable levels by time:
     D:1: 1877 daAuts
     D:3: 1504 daAuts
     D:4: 1400 daAuts
     D:2: 972 daAuts
     D:6: 892 daAuts
     D:5: 767 daAuts
 Ossuary: 496 daAuts
     D:7: 492 daAuts
     D:8: 195 daAuts
 Abyss:1: 117 daAuts
 Abyss:2: 39 daAuts
